 Dungeon Crawl Stone Soup version 0.24.0-123-gd5b16e6ec5 (webtiles) character file.

Game seed: 17688140517962498904, levelgen mode: deterministic

3 vurker the Gusty (level 1, 0/7 HPs)
             Began as a Felid Air Elementalist on Feb 1, 2020.
             Slain by a bat (1 damage)
             ... on level 1 of the Dungeon.
             The game lasted 00:00:16 (23 turns).

vurker the Gusty (Felid Air Elementalist)             Turns: 23, Time: 00:00:16

Health: 0/7        AC:  1    Str:  4    XL:     1   Next: 41%
Magic:  0/4        EV: 18    Int: 16    God:
Gold:   0          SH:  0    Dex: 16    Spells: 3/4 levels left
                                        Lives:  0   Deaths: 0

rFire    . . .     SeeInvis +   (weapon unavailable)
rCold    . . .     Gourm    .   (shield unavailable)
rNeg     . . .     Faith    .   (armour unavailable)
rPois    .         Spirit   .   (helmet unavailable)
rElec    .         Reflect  .   (cloak unavailable)
rCorr    .         Harm     .   (gloves unavailable)
MR       .....                  (boots unavailable)
Stlth    +++.......             (no amulet)
HPRegen  0.02/turn              (no ring)
MPRegen  0.09/turn              (no ring)

@: very slightly contaminated, quick
A: very small, no armour, no weapons or thrown items, stealth, claws 1, fangs 3,
see invisible, carnivore, speed 1, shaggy fur 1, slow metabolism 1, sharp paws
a: no special abilities


You were on level 1 of the Dungeon.
You were not hungry.

You visited 1 branch of the dungeon, and saw 1 of its levels.

Inventory:

Comestibles
 e - a ration


   Skills:
 + Level 0.1 Fighting
 - Level 2.6 Dodging
 - Level 2.6 Stealth
 * Level 2.0 Spellcasting
 * Level 1.0 Conjurations
 * Level 2.7 Air Magic


You had 3 spell levels left.
You knew the following spells:

 Your Spells              Type           Power        Failure   Level  Hunger
a - Shock                 Conj/Air       #...         10%         1    #......

Your spell library contained the following spells:

 Spells                   Type           Power        Failure   Level  Hunger
 Swiftness                Chrm/Air       #.......     19%         2    ###....
 Static Discharge         Conj/Air       #.......     28%         3    ###....
 Airstrike                Air            ##........   54%         4    #####..
 Lightning Bolt           Conj/Air       #.........   95%         5    ######.


Dungeon Overview and Level Annotations

Branches:
Dungeon (1/15)

Altars:


Innate Abilities, Weirdness & Mutations

You cannot wear armour.
You are incapable of wielding weapons or throwing items.
Your paws allow you to move quietly. (Stealth)
You have sharp claws.
You have razor-sharp teeth.
You have supernaturally acute eyesight. (SInv)
You are carnivorous and can eat meat at any time.
You cover ground quickly.
You are covered in fur. (AC +1)
You have a slow metabolism.
Your sharp claws are effective at attacking unaware monsters.


Message History

A dart slug is nearby!
A kobold comes into view. It is wielding a +0 club.
A goblin comes into view.
The goblin shouts!
The kobold shouts!
A bat comes into view.
Found a leather armour.
You scratch the dart slug. The dart slug completely misses you.
You scratch the dart slug. You bite the dart slug.
The bat completely misses you.
You barely miss the dart slug. The dart slug misses you.
Aim: a dart slug (almost dead, clinging)
The zap hits the dart slug.
You kill the dart slug!
Your Conjurations skill increases to level 1!
The zap hits the bat.
The bat hits you. The kobold barely misses you.
Aim: a goblin The zap hits the goblin.
The kobold completely misses you. The goblin completely misses you.
Aim: a goblin (moderately wounded)
You miscast Shock.
You are very lightly contaminated with residual magic.
Nothing appears to happen.
The kobold closely misses you. The goblin completely misses you.
Aim: a goblin (moderately wounded)
The zap hits the goblin.
You kill the goblin!
The zap misses the bat.
The bat closely misses you. The kobold barely misses you.
You don't have enough magic to cast that spell.
You scratch the kobold but do no damage.
The bat closely misses you. The kobold misses you.
You barely miss the kobold. The bat misses you. The kobold misses you.
You barely miss the kobold. The bat hits you. The bat closely misses you.
The kobold hits you with a +0 club.
* * * LOW HITPOINT WARNING * * *
You barely miss the bat. Your bite misses the bat. The bat misses you.
The kobold completely misses you.
You scratch the kobold but do no damage.
The bat misses you. The kobold closely misses you.
You scratch the kobold. The bat hits you.
* * * LOW HITPOINT WARNING * * *
The kobold barely misses you. The bat closely misses you.
The bat barely misses you. The bat hits you.
* * * LOW HITPOINT WARNING * * *
The bat hits you but does no damage. The bat completely misses you.
The bat misses you.
The zap misses the bat.
The zap hits the bat.
The bat hits you.
You die...

######## #......#
#......# #......#
#....[.##########
+................
#...†.K...#####.#.
[..#..#####b<.......
.... #@........ ....
#......... ...
.......... .#
......≈≈≈≈≈
#....≈≈≈≈§§≈
#....≈≈≈§§§≈
#...≈≈≈§§§§≈
#...≈≈≈§≈≈


You could see a bat.

Vanquished Creatures
  A dart slug (D:1)
  A goblin (D:1)
2 creatures vanquished.

Notes
Turn   | Place    | Note
-------+----------+-------------------------------------------
     0 | D:1      | vurker the Felid Air Elementalist began the quest for the
                  | Orb.
     0 | D:1      | Reached XP level 1. HP: 7/7 MP: 4/4
     8 | D:1      | Reached skill level 1 in Conjurations
    23 | D:1      | Slain by a bat

Levels and vault maps discovered:
D:1:      dpeg_arrival_lava_altar, layout_basic

Skill      XL: |  1 |
---------------+----+-----
Conjurations   | 1 |  1.0
Fighting       | |  0.1
Dodging        | |  2.6
Stealth        | |  2.6
Spellcasting   | |  2.0
Air Magic      | |  2.7

Action                   || total
-------------------------++-------
Melee: Unarmed           ||     9
       Bite              ||     1
 Cast: Shock             ||     4
Armor: Skin              ||     1
Dodge: Dodged            ||    24
